AoeStats
← [GDL] HANNIBAL

Arena

509697663Analyzed
4v4 RM · 4d ago on Sep 27, 2026· 51m 30s· 8 players
Game mode
Random Map
Map size
Large (8 player)
Population
200
Speed
Normal
Resources
Standard
Victory
Conquest
Starting age
Dark Age
Ending age
Imperial Age
RankedLock teamsTeams togetherTeam positionsShared explorationLock speedFull tech treeHidden civsTurbo modeCheats
Victory
Defeat
🇬🇪 Khmer · Georgia
1428
+14
🇬🇧 Saxons · United Kingdom
1389
+16
🇺🇸 Cumans · United States
1386
+16
🇸🇪 Vikings · Sweden
1365
+17
🇦🇹 Wu · Austria
1481
-20
🇦🇹 Saracens · Austria
1408
-17
🇲🇽 Poles · Mexico
1345
-14
🇭🇰 Teutons · Hong Kong SAR China
1297
-12
"Real Friendly" new player
0:27 Loom
8:51 Feudal Age
11:08 Double-Bit Axe
11:03 Horse Collar
18:44 Wheelbarrow
20:41 Castle Age
19:23 Scale Barding Armor
19:35 Bloodlines
21:04 Forging
21:13 Gold Mining
20:56 Capped Ram
22:09 Bow Saw
22:35 Gold Shaft Mining
23:59 Chain Barding Armor
25:38 Heavy Plow
28:04 Iron Casting
30:48 Hand Cart
30:21 Town Watch
35:31 Imperial Age
35:34 Cavalier
36:49 Plate Barding Armor
37:16 Blast Furnace
36:50 Siege Ram
37:31 Paladin
38:08 Fletching
38:19 Padded Archer Armor
39:12 Stone Mining
40:24 Two-Man Saw
39:58 Bodkin Arrow
40:36 Crop Rotation
40:27 Ballistics
41:08 Chemistry
41:20 Leather Archer Armor
41:30 Conscription
40:31 Elite Kipchak
45:33 Ring Archer Armor
45:19 Cuman Mercenaries
48:28 Thumb Ring
48:51 Parthian Tactics
47:51 Light Cavalry
49:37 Hussar
docsparkles
8:14 Loom
10:20 Feudal Age
15:04 Castle Age
13:44 Fletching
16:01 Bodkin Arrow
22:43 Double-Bit Axe
25:59 Horse Collar
29:42 Wheelbarrow
36:00 Imperial Age
33:36 Crossbowman
34:36 Padded Archer Armor
34:38 Scale Mail Armor
34:49 Forging
35:19 Pikeman
36:09 Heavy Plow
36:23 Bow Saw
37:26 Chain Mail Armor
37:18 Bracer
37:17 Gold Mining
38:18 Conscription
37:48 Arbalester
39:15 Iron Casting
39:04 Ballistics
40:07 Hand Cart
39:38 Town Watch
41:30 Gold Shaft Mining
41:35 Thumb Ring
41:47 Leather Archer Armor
42:51 Chemistry
42:52 Crop Rotation
42:26 Town Patrol
42:37 Squires
42:41 Shield Wall
44:01 Hoardings
44:39 Ring Archer Armor
44:40 Plate Mail Armor
44:27 Halberdier
Squirrel of DEATH
10:34 Feudal Age
14:23 Castle Age
12:35 Double-Bit Axe
15:42 Bow Saw
15:56 Horse Collar
16:58 Loom
21:18 Fletching
21:19 Elite Skirmisher
23:27 Bodkin Arrow
23:32 Padded Archer Armor
25:38 Leather Archer Armor
26:39 Gold Mining
31:45 Imperial Age
32:11 Ballistics
32:33 Bracer
33:41 Chemistry
35:51 Ring Archer Armor
36:34 Conscription
36:57 Squires
37:41 Heavy Plow
38:35 Scale Mail Armor
38:45 Forging
38:03 Elite Varangian Guard
39:44 Chain Mail Armor
39:35 Chieftains
40:03 Arson
40:54 Iron Casting
42:06 Gold Shaft Mining
42:12 Scale Barding Armor
42:39 Plate Mail Armor
42:53 Masonry
42:24 Treadmill Crane
44:00 Blast Furnace
45:58 Crop Rotation
46:30 Two-Man Saw
46:41 Pikeman
50:30 Caravan
Pawo
10:07 Feudal Age
13:18 Castle Age
11:06 Double-Bit Axe
11:27 Horse Collar
14:43 Bow Saw
19:22 Heavy Plow
20:18 Wheelbarrow
21:29 Gold Mining
21:59 Hand Cart
25:05 Gold Shaft Mining
27:11 Imperial Age
25:54 Stone Mining
26:59 Ballistics
28:12 Double Crossbow
29:22 Chemistry
29:50 Bloodlines
29:40 Husbandry
30:08 Siege Engineers
30:07 Light Cavalry
30:17 Heavy Scorpion
31:10 Hussar
32:43 Scale Barding Armor
32:48 Forging
34:14 Crop Rotation
34:08 Chain Barding Armor
34:57 Iron Casting
34:35 Masonry
36:13 Plate Barding Armor
38:04 Blast Furnace
37:56 Stone Shaft Mining
38:23 Conscription
38:39 Hoardings
39:44 Fletching
39:55 Padded Archer Armor
39:43 Capped Ram
43:17 Siege Ram
46:05 Bodkin Arrow
49:07 Architecture
48:32 Murder Holes
50:25 Bracer
[GDL] HANNIBAL
10:57 Feudal Age
14:59 Castle Age
12:55 Double-Bit Axe
13:04 Horse Collar
15:56 Heavy Plow
16:07 Bow Saw
21:27 Wheelbarrow
27:35 Imperial Age
24:55 Town Watch
25:06 Gold Mining
25:58 Bloodlines
26:09 Scale Barding Armor
26:15 Forging
26:43 Hand Cart
26:48 Szlachta Privileges
28:02 Husbandry
28:23 Chain Barding Armor
30:28 Crop Rotation
30:06 Cavalier
31:33 Iron Casting
31:43 Conscription
37:31 Blast Furnace
39:34 Stone Mining
41:28 Elite Obuch
41:36 Light Cavalry
43:10 Scale Mail Armor
45:21 Winged Hussar
50:07 Fletching
50:32 Chain Mail Armor
DeadlyEfficiency
10:28 Feudal Age
14:47 Castle Age
12:51 Loom
14:21 Double-Bit Axe
14:30 Fletching
20:42 Bodkin Arrow
25:26 Red Cliffs Tactics
26:21 Padded Archer Armor
29:59 Wheelbarrow
35:32 Imperial Age
34:41 Bow Saw
34:31 Horse Collar
38:56 Conscription
38:56 Hand Cart
40:10 Heavy Hei Guang Cavalry
41:35 Bloodlines
41:27 Husbandry
41:39 Heavy Plow
41:58 Scale Barding Armor
42:04 Forging
42:21 Sitting Tiger
44:25 Chain Barding Armor
47:21 Plate Barding Armor
UnHappy
6:03 Loom
8:31 Feudal Age
9:48 Double-Bit Axe
11:27 Fletching
16:35 Wheelbarrow
21:22 Castle Age
19:51 Horse Collar
20:05 Gold Mining
21:05 Stone Mining
23:00 Bow Saw
35:04 Imperial Age
33:05 Squires
33:14 Pikeman
34:29 Scale Mail Armor
35:28 Chain Mail Armor
35:33 Heavy Plow
35:15 Halberdier
37:19 Chemistry
37:13 Plate Mail Armor
37:35 Conscription
37:27 Arson
38:12 Forging
38:37 Ballistics
39:41 Two-Man Saw
38:18 Capped Ram
40:00 Bodkin Arrow
41:24 Hand Cart
41:24 Heavy Scorpion
43:04 Iron Casting
42:04 Onager
43:15 Siege Engineers
45:20 Blast Furnace
46:22 Crenellations
46:41 Guilds
50:04 Padded Archer Armor
Hector
10:49 Feudal Age
14:24 Castle Age
12:11 Double-Bit Axe
15:01 Horse Collar
15:32 Bow Saw
15:54 Heavy Plow
24:45 Wheelbarrow
24:10 Loom
27:44 Imperial Age
26:31 Scale Barding Armor
27:09 Hand Cart
27:16 Bloodlines
27:06 Husbandry
27:59 Chain Barding Armor
28:30 Forging
28:40 Siege Engineers
28:39 Stone Mining
28:39 Gold Mining
29:03 Fletching
29:49 Plate Barding Armor
30:16 Chemistry
29:40 Bodkin Arrow
30:06 Ballistics
30:39 Masonry
30:31 Bracer
31:07 Plate Barding Armor
32:45 Conscription
32:37 Forging
33:29 Coinage
32:29 Elite Mameluke
34:41 Two-Man Saw
36:08 Murder Holes
36:49 Iron Casting
37:52 Banking
39:03 Blast Furnace
38:45 Hoardings
41:25 Caravan
43:20 Gold Shaft Mining
43:41 Capped Ram
45:09 Siege Ram
Connection lost

Rejoining the realm…

Still unreachable

The connection could not be restored.

Session expired

The server has moved on; the page needs a fresh start.